 Dungeon Crawl Stone Soup version 0.23.1 (webtiles) character file.

Game seed: 1817268539839920324

7 Borgoz the Sneak (level 2, 0/19 (20) HPs)
             Began as a Ghoul Enchanter on Mar 7, 2019.
             Slain by a dart slug (2 damage)
             ... on level 1 of the Dungeon.
             The game lasted 00:00:51 (294 turns).

Borgoz the Sneak (Ghoul Enchanter)                   Turns: 294, Time: 00:00:51

HP:   0/19 (20)     AC:  2    Str: 11    XL:     2   Next: 4%
MP:   3/3           EV: 12    Int: 10    God:
Gold: 0             SH:  0    Dex:  9    Spells: 3/4 levels left

rFire    . . .     SeeInvis .   a - +1 dagger
rCold    + . .     Gourm    .   (no shield)
rNeg     + + +     Faith    .   b - +0 robe
rPois    ∞         Spirit   .   (no helmet)
rElec    .         Reflect  .   (no cloak)
rCorr    .         Harm     .   (no gloves)
MR       .....                  (no boots)
Stlth    ++........             (no amulet)
HPRegen  0.00/turn              (no ring)
MPRegen  0.08/turn              (no ring)

@: rotting
A: rotting body, claws 1, carnivore, cold resistance 1, negative energy
resistance 3, inhibited regeneration, torment resistance, unbreathing
a: no special abilities


You were on level 1 of the Dungeon.
You were not hungry.

You visited 1 branch of the dungeon, and saw 1 of its levels.

Inventory:

Hand Weapons
 a - a +1 dagger (weapon)
Armour
 b - a +0 robe (worn)
Scrolls
 e - a scroll of immolation {unknown}
Potions
 c - a potion of flight {unknown}
Comestibles
 d - 2 rations


   Skills:
 * Level 1.2 Short Blades
 * Level 0.6 Armour
 + Level 1.8 Dodging
 - Level 3.2 Stealth
 + Level 1.8 Spellcasting
 - Level 2.4 Hexes


You had 3 spell levels left.
You knew the following spells:

 Your Spells              Type           Power        Failure   Level  Hunger
a - Corona                Hex            #......      12%         1    ##.....

Your spell library contained the following spells:

 Spells                   Type           Power        Failure   Level  Hunger
 Ensorcelled Hibernation  Hex/Ice        #.....       28%         2    ###....
 Confuse                  Hex            #.......     34%         3    ####...
 Tukima's Dance           Hex            #.......     34%         3    ####...
 Dazzling Spray           Conj/Hex       #.....       50%         3    ####...


Dungeon Overview and Level Annotations

Branches:
Dungeon (1/15)

Altars:


Innate Abilities, Weirdness & Mutations

Your body is rotting away.
You thrive on raw meat.
You are immune to poison.
You have sharp fingernails.
You are carnivorous and can eat meat at any time.
Your flesh is cold resistant. (rC+)
You are immune to negative energy. (rN+++)
You do not regenerate when monsters are visible.
You are immune to unholy pain and torment.
You can survive without breathing.


Message History

The frilled lizard misses you.
You miss the frilled lizard. The frilled lizard closely misses you.
You barely miss the frilled lizard. The frilled lizard closely misses you.
You barely miss the frilled lizard. The frilled lizard barely misses you.
You hit the frilled lizard.
You kill the frilled lizard!
You hit the dart slug but do no damage. You hit the dart slug.
The dart slug is moderately wounded.
The dart slug bites you.
* * * LOW HITPOINT WARNING * * *
You hit the dart slug but do no damage.
The dart slug is moderately wounded.
The dart slug barely misses you.
You hit the dart slug.
The dart slug is moderately wounded.
You hit the dart slug.
The dart slug is severely wounded.
The dart slug bites you.
You die...

.###########...##.....#.#
..........##...#......#.#
⌠..........#...#........#
....⌠......#.#.#...^...##
..........##.(.#.......#
..⌠...⌠..##.......####.#
........##.......## #.#
⌠....⌠.##.)#...#w# #.#
......##......l#@# #.#
..⌠..## .....#.#.# #.#
....## ...#.#.#.# #.#
<..## .. # .w#.# ..# ..##
. ..#.# ### #...# ..# ..#


You could see a dart slug.

Vanquished Creatures
  A bat (D:1)
  A goblin (D:1)
  A hobgoblin (D:1)
  2 frilled lizards (D:1)
  3 rats (D:1)
8 creatures vanquished.

Notes
Turn   | Place    | Note
-------+----------+-------------------------------------------
     0 | D:1      | Borgoz the Ghoul Enchanter began the quest for the Orb.
     0 | D:1      | Reached XP level 1. HP: 14/14 MP: 2/2
    28 | D:1      | Reached skill level 1 in Short Blades
   279 | D:1      | Reached XP level 2. HP: 10/19 MP: 3/3
   294 | D:1      | Slain by a dart slug

Skill      XL: |  1 |
---------------+----+-----
Short Blades   | 1 |  1.2
Armour         | |  0.6
Dodging        | |  1.8
Stealth        | |  3.2
Spellcasting   | |  1.8
Hexes          | |  2.4

Action                   || total
-------------------------++-------
Melee: Dagger            ||    59
  Eat: Chunk             ||     4
Armor: Robe              ||     4
Dodge: Dodged            ||    41
